Selects Advanced Infantry Battlegroup
Construct Weapon Support Center
Selects Convert to Ranger Squad
M3 Armored Personnel Carrier
Selects Frontline Medical Station
Frontline Medical Station
M1918 Browning Automatic Rifles
Selects Ammunition Storage
Improved M9 Bazooka Rockets
Selects M2A1 105mm Howitzer Emplacement
Selects Ranger Weapon Training
Frontline Medical Station
Selects 155mm Rapid Artillery Barrage